 Dungeon Crawl Stone Soup version 0.22-a0-348-gd16d139 (webtiles) character file.

27 Amnesiac the Bolt Thrower (level 3, 0/21 HPs)
             Began as a Kobold Hunter on Apr 8, 2018.
             Killed from afar by a dart slug (3 damage)
             ... with a slug dart
             ... on level 2 of the Dungeon.
             The game lasted 00:01:33 (1152 turns).

Amnesiac the Bolt Thrower (Kobold Hunter)           Turns: 1152, Time: 00:01:33

Health: 0/21       AC:  3    Str: 10    XL:     3   Next: 25%
Magic:  3/3        EV: 14    Int: 12    God:
Gold:   32         SH:  0    Dex: 15    Spells: 2/2 levels left

rFire    . . .     SeeInvis .   b - +0 dagger (drain)
rCold    . . .     Gourm    .   (shield restricted)
rNeg     . . .     Faith    .   c - +0 leather armour
rPois    .         Spirit   .   (no helmet)
rElec    .         Reflect  .   (no cloak)
rCorr    .         Harm     .   (no gloves)
MR       .....                  (no boots)
Stlth    ++........             n - amulet of magic regeneration
HPRegen  0.07/turn              (no ring)
MPRegen  0.33/turn              (no ring)

@: no status effects
A: small, carnivore
a: no special abilities


You were on level 2 of the Dungeon.
You were completely stuffed.

You visited 1 branch of the dungeon, and saw 2 of its levels.

You collected 32 gold pieces.

Inventory:

Hand Weapons
 a - a +1 hand crossbow
 b - a +0 dagger of draining (weapon)
 i - a +0 blowgun
Missiles
 d - 55 bolts
Armour
 c - a +0 leather armour (worn)
 j - a +0 chain mail
Jewellery
 n - an amulet of magic regeneration (around neck)
Scrolls
 e - a scroll of enchant weapon {!r, unknown}
 g - a scroll of fog {!r, unknown}
 h - 2 scrolls of amnesia {!r, unknown}
 k - a scroll of identify {!r, unknown}
 m - a scroll of enchant armour {!r, unknown}
Comestibles
 f - 2 rations
 l - 3 chunks of flesh


   Skills:
 - Level 2.2 Fighting
 + Level 5.9 Crossbows
 - Level 2.5 Dodging
 - Level 1.5 Stealth


You had 2 spell levels left.
You didn't know any spells.

Dungeon Overview and Level Annotations

Branches:
Dungeon (2/15)

Altars:


Innate Abilities, Weirdness & Mutations

You are small and have problems with some larger weapons.
You are carnivorous and can eat meat at any time.


Message History

You puncture the kobold!
You kill the kobold!
A bat comes into view.
The bat hits you but does no damage.
Things that are here:
a short sword; a kobold corpse The bat hits you but does no damage.
You see here a triangular sapphire amulet.
n - a triangular sapphire amulet The bat hits you but does no damage.
Put on which piece of jewellery? (? for menu, Esc to quit)
The amulet hums as it attunes itself to your energized body.
n - an amulet of magic regeneration (around neck)
The bat closely misses you. The bat misses you.
You completely miss the bat. The bat closely misses you. x2
You hit the bat.
The bat is severely wounded.
The bat misses you. The bat closely misses you. The bat misses you.
You miss the bat. The bat hits you but does no damage.
The bat completely misses you. The bat closely misses you.
You hit the bat but do no damage. You drain the bat!
You kill the bat!
The bat completely misses you. The bat hits you but does no damage.
The bat barely misses you. The bat misses you.
The bat hits you but does no damage. The bat barely misses you.
The bat closely misses you.
You barely miss the bat. The bat hits you but does no damage.
The bat closely misses you.
You barely miss the bat. The bat misses you. x2
You hit the bat.
You kill the bat!
The bat barely misses you.
You closely miss the bat. The bat hits you but does no damage.
The bat misses you. The dart slug launches a dart at you.
The slug dart hits you!
You closely miss the bat. The bat hits you but does no damage.
The bat hits you.
You hit the bat.
The bat is severely wounded.
The bat misses you. The dart slug launches a dart at you.
The slug dart hits you! The bat hits you but does no damage.
The dart slug launches a dart at you. The slug dart hits you!
You barely miss the bat.
The bat is severely wounded.
The bat barely misses you. x2
You closely miss the bat.
The bat is heavily wounded.
The bat hits you. The bat hits you but does no damage.
The dart slug launches a dart at you. The slug dart hits you!
* * * LOW HITPOINT WARNING * * *
You are too injured to fight recklessly!
You are too injured to fight recklessly!
You are too injured to fight recklessly!
You hit the dart slug but do no damage. You drain the dart slug!
The dart slug is moderately wounded.
The bat hits you but does no damage. The dart slug launches a dart at you.
The slug dart hits you!
You die...

####### #.# #...#
......## #.#######
##.##
.#.....#####.......#
#.#
.#............####..
..#
.#.....######.#(.. #
##....## #.#.. .#
##.#### #.#.# ..###
...# #.#.##......
#### #..b@w......
##..[###.###
##).......#
##....?..###
#.........#
#.........#
#.........#
##.......##
##......#


You could see a dart slug and a bat.

Vanquished Creatures
  A leopard gecko (D:1)
  2 giant cockroaches (D:1)
  3 hobgoblins
  2 kobolds
  A ball python (D:1)
  4 bats
  3 frilled lizards
  4 goblins (D:1)
  7 rats
27 creatures vanquished.

Notes
Turn   | Place    | Note
-------+----------+-------------------------------------------
     0 | D:1      | Amnesiac the Kobold Hunter began the quest for the Orb.
     0 | D:1      | Reached XP level 1. HP: 12/12 MP: 1/1
   163 | D:1      | Reached skill level 5 in Crossbows
   168 | D:1      | Reached XP level 2. HP: 11/17 MP: 2/2
   953 | D:1      | Reached XP level 3. HP: 21/21 MP: 3/3
  1152 | D:2      | Killed from afar by a dart slug

Vault maps used:
D:1:      lemuel_arrival_funnel

Skill      XL: |  1 |
---------------+----+-----
Crossbows      | 5 |  5.9
Fighting       | |  2.2
Dodging        | |  2.5
Stealth        | |  1.5

Action                   || total
-------------------------++-------
Melee: Short sword       ||    58
       Dagger            ||    36
 Fire: Hand crossbow     ||     2
 Stab: Sleeping          ||     3
  Eat: Chunk             ||     9
Armor: Leather armour    ||    27
Dodge: Dodged            ||    78

Table legend:
 A = Spawn XP
 B = Non-spawn XP
 C = Spawn XP percentage of total XP
 D = Spawn monster count
 E = Non-spawn monster count
 F = Spawn count percentage of total count
 G = Total turns spent on level
                    A         B        C        D         E        F      G
               +---------+---------+-------+---------+---------+-------+---------
         Total |       0 |      39 |   0.0 |       0 |      27 |   0.0 |  1152
               +---------+---------+-------+---------+---------+-------+---------
           D:1 |       0 |      30 |   0.0 |       0 |      20 |   0.0 |  1001
           D:2 |       0 |       9 |   0.0 |       0 |       7 |   0.0 |   151
               +---------+---------+-------+---------+---------+-------+---------
